 Dungeon Sprint DCSS version 0.30-a0-137-gd8773701ce (webtiles) character file.

Game seed: 14056459412121265172

900000 Pilot the Wrestler (level 14, -20/146 HPs)
             Began as a Troll Gladiator on Sept 22, 2022.
             Demolished by a bag of meat
             ... wielding a +9 war axe
              (23 damage)
             ... in the Dungeon (Sprint VIII: "Arena of Blood").
             The game lasted 00:01:36 (9 turns).

Pilot the Wrestler (Troll Gladiator)                   Turns: 9, Time: 00:01:37

Health: -20/146    AC:  4    Str: 27    XL:     14   Next: 9%
Magic:  13/13      EV: 19    Int:  4    God:
Gold:   0          SH:  0    Dex: 13    Spells: 13/13 levels left

rFire   . . .      SeeInvis .    k - +∞ Axe of Woe
rCold   . . .      Faith    .    (shield currently unavailable)
rNeg    . . .      Spirit   .    a - +0 robe
rPois   .          Reflect  .    b - +0 hat
rElec   .          Harm     .    (no cloak)
rCorr   .          Rampage  .    (gloves unavailable)
Will    +....      NoTele   +    (boots unavailable)
Stlth   +.........               (no amulet)
HPRegen 1.14/turn                (no ring)
MPRegen 0.13/turn                (no ring)

@: no status effects
A: large, unfitting armour, claws 3, regeneration 1, shaggy fur 1, tough skin 1
a: no special abilities


You were in the Dungeon.
You visited 1 branch

Inventory:

Hand Weapons
 k - the +∞ Axe of Woe (weapon)
   (You found it in the Dungeon)
Missiles
 c - 3 throwing nets (quivered)
Armour
 a - a +0 robe (worn)
 b - a +0 hat (worn)
Scrolls
 j - a scroll of blinking
Potions
 e - a potion of curing
 f - a potion of heal wounds
 g - a potion of haste
 h - 2 potions of magic
 i - a potion of berserk rage


   Skills:
 + Level 11.5 Fighting
 + Level 7.3 Axes
 + Level 12.4 Throwing
 + Level 20.6 Dodging
 + Level 23.6 Unarmed Combat


You had 13 spell levels left.
You didn't know any spells.
Your spell library was empty.

Dungeon Overview and Level Annotations

Branches:
Dungeon (1/1)

Altars:
Makhleb


Innate Abilities, Weirdness & Mutations

You are too large for most types of armour.
You have claws for hands.
Your natural rate of healing is unusually fast.
You are covered in fur. (AC +1)
You have tough skin. (AC +1)


Message History

Your Throwing skill gained 2 levels and is now at level 11!
Your Dodging skill gained 3 levels and is now at level 18!
Your Unarmed Combat skill gained 3 levels and is now at level 21!
You have reached level 12!
You feel stronger.
You have reached level 13!
You slice the meat berserker!!
You dissect the meat berserker like a pig carcass.
You kill the meat berserker!
You hear a shout! x11
A bag of meat comes into view. It is wielding a +9 war axe.
You hear a shout! x2
Your Fighting skill increases to level 11!
Your Axes skill increases to level 6!
Your Throwing skill increases to level 12!
Your Dodging skill gained 2 levels and is now at level 20!
Your Unarmed Combat skill increases to level 22!
You slice the bag of meat!!
You cleave the bag of meat in twain.
You kill the bag of meat!
You hear a shout! x8
A meat berserker comes into view. It is wielding a +9 battleaxe.
You hear a shout! x3
The bag of meat hits you with a +9 war axe!!
Your Axes skill increases to level 7!
Your Unarmed Combat skill increases to level 23!
You have reached level 14!
The bag of meat attacks as you move away!
The bag of meat hits you with a +9 war axe!!!
* * * LOW HITPOINT WARNING * * *
You hear a shout! x6
A meat berserker comes into view. It is wielding a +9 battleaxe.
The bag of meat hits you with a +9 war axe!
* * * LOW HITPOINT WARNING * * *
You hear a shout! x3
The bag of meat hits you with a +9 war axe!
* * * LOW HITPOINT WARNING * * *
You hear a shout! x2
The bag of meat attacks as you move away!
The bag of meat hits you with a +9 war axe!!
You die...

.. ... #. ..#
#.. ..# . .###..
..###..
......###......
O....._.....
#...)(# #_.ooo#
#...@o#
......_........
......###.......
.###.. ..###O.
#.. ..# . #. ..#
.. ... ....


You could see a meat berserker (berserk) and 4 bags of meat.

Vanquished Creatures
  3 ogres (D)
  An orc (D)
4 creatures vanquished.

Notes
Turn   | Place    | Note
-------+----------+-------------------------------------------
     0 | D        | Found the +∞ Axe of Woe
     0 | D        | Pilot the Troll Gladiator began the quest for the Orb.
     0 | D        | Reached XP level 1. HP: 19/19 MP: 0/0
     1 | D        | Noticed a meat berserker
     2 | D        | Noticed a meat berserker
     2 | D        | Noticed a bag of meat
     2 | D        | Noticed a bag of meat
     3 | D        | Killed a meat berserker
     3 | D        | Noticed a bag of meat
     4 | D        | Reached skill level 15 in Dodging
     4 | D        | Reached skill level 18 in Unarmed Combat
     4 | D        | Reached XP level 2. HP: 42/42 MP: 1/1
     4 | D        | Reached XP level 3. HP: 49/49 MP: 2/2
     4 | D        | Reached XP level 4. HP: 58/58 MP: 3/3
     4 | D        | Reached XP level 5. HP: 66/66 MP: 4/4
     4 | D        | Reached XP level 6. HP: 74/74 MP: 5/5
     4 | D        | Reached XP level 7. HP: 81/81 MP: 6/6
     4 | D        | Reached XP level 8. HP: 91/91 MP: 7/7
     4 | D        | Reached XP level 9. HP: 97/97 MP: 8/8
     4 | D        | Reached XP level 10. HP: 106/106 MP: 9/9
     4 | D        | Reached XP level 11. HP: 113/113 MP: 10/10
     4 | D        | Noticed a bag of meat
     4 | D        | Noticed a meat berserker
     5 | D        | Killed a meat berserker
     6 | D        | Reached skill level 10 in Fighting
     6 | D        | Reached skill level 5 in Axes
     6 | D        | Reached skill level 21 in Unarmed Combat
     6 | D        | Reached XP level 12. HP: 69/126 MP: 11/11
     6 | D        | Reached XP level 13. HP: 73/133 MP: 12/12
     6 | D        | Killed a meat berserker
     6 | D        | Noticed a bag of meat
     7 | D        | Reached skill level 22 in Unarmed Combat
     7 | D        | Killed a bag of meat
     7 | D        | Noticed a meat berserker
     8 | D        | Reached skill level 23 in Unarmed Combat
     8 | D        | Reached XP level 14. HP: 64/146 MP: 13/13
     8 | D        | Noticed a meat berserker
     8 | D        | HP: 3/146 [bag of meat/+9 war axe (13)]
     9 | D        | Demolished by a bag of meat

Illustrated notes

Levels and vault maps discovered:
D:        meatsprint

Skill      XL: |  1  2  3  4  5  6  7  8  9 10 11 12 13 |
---------------+----------------------------------------+-----
Fighting       | 8 10 11 | 11.5
Axes           | 3 5 7 |  7.3
Throwing       | 9 11 12 | 12.4
Dodging        | 15 18 20 | 20.6
Unarmed Combat | 18 21 23 | 23.6

Action                   |  1- 3 |  4- 6 |  7- 9 | 10-12 | 13-15 || total
-------------------------+-------+-------+-------+-------+-------++-------
Melee: Executioner's axe |     1 |       |       |     1 |     2 ||     4
Throw: Large rock        |     1 |       |       |       |       ||     1
Dodge: Dodged            |     1 |       |       |       |       ||     1

Table legend: (Time is in decaauts)
 A = Elapsed time spent in this place.
 B = Non-inter-level travel time spent in this place.
 C = Inter-level travel time spent in this place.
 D = Time resting spent in this place.
 E = Time spent auto-exploring this place.
 F = Levels seen in this place.
 G = Mean time per level.
                   A        B        C        D        E       F      G
               +--------+--------+--------+--------+--------+-----+--------+
         Total |     12 |     12 |      0 |      0 |      0 |   1 |   12.0 |
       Dungeon |     12 |     12 |      0 |      0 |      0 |   1 |   12.0 |
               +--------+--------+--------+--------+--------+-----+--------+

Top non-repeatable levels by time:
       D: 12 daAuts
